AoeStats
← 曠曠曠曠曠曠工

Black Forest

510559347Analyzed
3v3 RM · 13h ago on Oct 1, 2026· 106m 43s· 6 players
Game mode
Random Map
Map size
Normal (6 player)
Population
200
Speed
Normal
Resources
Standard
Victory
Conquest
Starting age
Dark Age
Ending age
Imperial Age
RankedLock teamsTeams togetherTeam positionsShared explorationLock speedFull tech treeHidden civsTurbo modeCheats
Victory
Defeat
🇭🇰 Danes · Hong Kong SAR China
1186
+16
🇬🇧 Wei · United Kingdom
1159
+17
🇭🇰 Franks · Hong Kong SAR China
1132
+18
🇺🇦 Chinese · Ukraine
1198
-18
🇺🇸 Magyars · United States
1171
-17
🇺🇸 Japanese · United States
1155
-16
建興法師
0:56 Loom
16:08 Feudal Age
28:42 Castle Age
41:34 Double-Bit Axe
49:11 Wheelbarrow
49:45 Fortified Wall
52:09 Imperial Age
54:02 Chemistry
53:03 Padded Archer Armor
54:51 Leather Archer Armor
57:52 Hand Cart
57:49 Bow Saw
61:48 Ballistics
74:49 Husbandry
79:45 Light Cavalry
80:38 Forging
81:01 Fletching
83:31 Elite Skirmisher
84:08 Bodkin Arrow
87:10 Scale Barding Armor
89:34 Iron Casting
91:32 Blast Furnace
99:19 Caravan
106:42 Chain Barding Armor
伐伐伐伐伐木工
1:03 Loom
12:05 Feudal Age
16:23 Castle Age
14:10 Horse Collar
15:15 Double-Bit Axe
17:21 Bow Saw
17:56 Wheelbarrow
20:51 Fishing Lines
22:26 Gillnets
24:07 Hand Cart
27:11 Ballistics
29:38 Imperial Age
28:01 Gold Mining
28:35 Scale Mail Armor
28:45 Forging
29:31 Stone Mining
29:36 Gambesons
29:52 Squires
29:37 Arson
29:47 Onager
30:42 Elite Varangian Guard
32:08 Chain Mail Armor
33:26 Capped Ram
35:11 Plate Mail Armor
35:17 Iron Casting
36:25 Masonry
37:16 Chemistry
39:08 Siege Engineers
39:17 Pikeman
42:22 Blast Furnace
41:13 Fletching
41:45 Conscription
41:20 Halberdier
41:35 Northmen's Fury
41:36 Hamask
42:14 Siege Onager
44:13 Hoardings
45:05 Gold Shaft Mining
45:06 Stone Shaft Mining
46:12 Coinage
49:22 Banking
48:44 Town Watch
54:28 Bodkin Arrow
88:37 Heavy Plow
曠曠曠曠曠曠工
5:38 Loom
12:44 Feudal Age
13:57 Double-Bit Axe
18:11 Castle Age
17:29 Horse Collar
21:31 Bow Saw
21:35 Fishing Lines
21:59 Heavy Plow
21:58 Gold Mining
22:21 Gillnets
26:05 Wheelbarrow
26:11 Stone Mining
28:11 Scale Barding Armor
28:23 Bloodlines
28:14 Husbandry
33:06 Tuntian
33:45 Chain Barding Armor
34:00 Forging
33:47 Pikeman
34:28 Squires
35:27 Hand Cart
36:53 Fervor
38:08 Town Watch
39:00 Iron Casting
39:47 Town Patrol
41:15 Fletching
44:32 Imperial Age
43:24 Treadmill Crane
45:12 Gold Shaft Mining
45:14 Stone Shaft Mining
45:13 Masonry
45:30 Ballistics
44:53 Heavy Hei Guang Cavalry
45:09 Light Cavalry
47:06 Crop Rotation
47:21 Conscription
48:17 Caravan
48:29 Hussar
51:19 Ming Guang Armor
52:11 Hoardings
52:33 Parthian Tactics
52:14 Thumb Ring
53:01 Bodkin Arrow
53:07 Padded Archer Armor
55:52 Fortified Wall
58:10 Blast Furnace
57:59 Elite Skirmisher
77:04 Elite Skirmisher
84:04 Halberdier
93:36 Arson
95:09 Scale Mail Armor
95:09 Bracer
98:56 Chain Mail Armor
98:56 Leather Archer Armor
102:14 Ring Archer Armor
Trampstamp4ever
11:42 Feudal Age
16:38 Castle Age
15:01 Double-Bit Axe
15:16 Horse Collar
18:24 Fishing Lines
19:01 Bow Saw
20:33 Wheelbarrow
21:29 Loom
22:17 Gold Mining
23:25 Heavy Plow
23:52 Gillnets
24:43 Bloodlines
24:34 Husbandry
24:58 Hand Cart
26:04 Scale Barding Armor
27:06 Chain Barding Armor
34:29 Imperial Age
34:38 Cavalier
37:43 Plate Barding Armor
36:31 Paladin
38:49 Parthian Tactics
37:46 Heavy Cavalry Archer
38:32 Thumb Ring
38:18 Fletching
39:31 Chemistry
38:52 Ballistics
38:52 Padded Archer Armor
39:00 Bodkin Arrow
39:37 Crop Rotation
41:31 Light Cavalry
44:32 Hussar
46:15 Conscription
50:47 Caravan
52:05 Elite Magyar Huszar
52:54 Corvinian Army
54:46 Hoardings
59:17 Leather Archer Armor
59:10 Siege Engineers
58:46 Treadmill Crane
60:50 Bracer
66:42 Two-Man Saw
71:16 Coinage
95:18 Banking
butterflyfriends
10:56 Feudal Age
11:26 Man-at-Arms
13:16 Forging
20:14 Castle Age
19:18 Double-Bit Axe
19:46 Horse Collar
21:40 Bow Saw
23:10 Heavy Plow
25:19 Gold Mining
26:53 Wheelbarrow
26:06 Loom
26:13 Crossbowman
29:48 Thumb Ring
30:13 Fletching
32:40 Hand Cart
32:11 Town Watch
34:33 Thumb Ring
41:27 Imperial Age
39:34 Pikeman
40:14 Squires
40:52 Iron Casting
40:18 Scale Mail Armor
40:38 Stone Mining
42:35 Kataparuto
42:39 Conscription
42:30 Capped Ram
43:25 Yasama
42:51 Halberdier
43:47 Chain Mail Armor
44:33 Blast Furnace
42:58 Elite Skirmisher
47:11 Conscription
49:14 Plate Mail Armor
48:40 Bodkin Arrow
49:26 Elite Samurai
50:17 Arbalester
51:44 Bracer
52:19 Guard Tower
52:16 Arrowslits
53:31 Chemistry
52:52 Ballistics
52:30 Murder Holes
56:16 Onager
62:29 Long Swordsman
62:54 Gambesons
64:26 Two-Handed Swordsman
65:41 Champion
65:42 Champion
nikikiker
0:27 Loom
14:13 Feudal Age
18:07 Castle Age
17:59 Double-Bit Axe
19:08 Bow Saw
19:11 Town Watch
21:07 Fishing Lines
23:35 Horse Collar
24:46 Gillnets
31:03 Imperial Age
29:17 Fletching
29:25 Stone Mining
29:26 Gold Mining
30:57 Wheelbarrow
31:16 Stone Shaft Mining
31:17 Gold Shaft Mining
30:59 Bodkin Arrow
31:27 Ballistics
32:08 Thumb Ring
32:34 Bracer
33:15 Padded Archer Armor
34:20 Conscription
34:24 Leather Archer Armor
35:33 Two-Man Saw
34:35 Heavy Plow
35:44 Chemistry
34:59 Masonry
35:22 Caravan
36:13 Crossbowman
37:11 Arbalester
39:04 Architecture
40:58 Hand Cart
41:28 Fortified Wall
48:22 Heavy Rocket Cart
51:12 Ring Archer Armor
53:13 Scale Mail Armor
53:23 Forging
54:12 Elite Skirmisher
58:58 Squires
58:44 Arson
59:32 Pikeman
62:47 Chain Mail Armor
62:14 Halberdier
69:35 Iron Casting
90:06 Plate Mail Armor
90:37 Blast Furnace
94:09 Murder Holes
97:57 Capped Ram
100:37 Siege Ram
Connection lost

Rejoining the realm…

Still unreachable

The connection could not be restored.

Session expired

The server has moved on; the page needs a fresh start.